 Dungeon Crawl Stone Soup version 0.23-a0-667-gc184e93 (webtiles) character file.

1533 Blackhawk the Grappler (level 8, -5/80 HPs)
             Began as a Troll Monk on Jan 8, 2019.
             Was a Believer of Makhleb.
             Slain by a killer bee (8 damage)
             ... on level 6 of the Dungeon.
             The game lasted 00:07:46 (4987 turns).

Blackhawk the Grappler (Troll Monk)                 Turns: 4987, Time: 00:07:46

Health: -5/80      AC:  5    Str: 20    XL:     8   Next: 55%
Magic:  7/7        EV: 12    Int:  6    God:    Makhleb [**....]
Gold:   372        SH:  0    Dex: 14    Spells: 7/7 levels left

rFire    . . .     SeeInvis .     - Unarmed
rCold    + . .     Gourm    +   (no shield)
rNeg     . . .     Faith    .   a - +0 robe
rPois    .         Spirit   .   (helmet restricted)
rElec    .         Reflect  .   (no cloak)
rCorr    .         Harm     .   (gloves unavailable)
MR       .....                  (boots unavailable)
Stlth    +++.......             (no amulet)
HPRegen  0.63/turn              r - ring of stealth
MPRegen  0.10/turn              v - ring of protection from cold

@: no status effects
A: large, unfitting armour, claws 3, fast metabolism 3, gourmand, regeneration
1, shaggy fur 1, tough skin 2
a: Minor Destruction, Renounce Religion


You were on level 6 of the Dungeon.
You worshipped Makhleb.
Makhleb was pleased with you.
You were not hungry.

You visited 2 branches of the dungeon, and saw 8 of its levels.

You collected 372 gold pieces.

Inventory:

Hand Weapons
 s - the +4 flail "Midghiev" {flame, Str+2}
   (You found it on level 5 of the Dungeon)

   It has been specially enchanted to burn those struck by it, causing extra
   injury to most foes and up to half again as much damage against particularly
   susceptible opponents.
   It affects your strength (+2).
Armour
 a - a +0 robe (worn)
Jewellery
 r - a ring of stealth (left claw)
 v - a ring of protection from cold (right claw)
 w - an uncursed ring of poison resistance {unknown}
Wands
 m - a wand of paralysis (8)
 o - a wand of random effects (20)
 u - a wand of enslavement (5)
Scrolls
 d - 6 scrolls of identify {unknown}
 e - 6 scrolls of teleportation {unknown}
 f - 5 scrolls of fear {unknown}
 g - 8 scrolls of amnesia {unknown}
 h - 3 scrolls of random uselessness {unknown}
 j - 3 scrolls of immolation {unknown}
 k - 4 scrolls of remove curse {unknown}
 l - a scroll of fog {unknown}
 q - 6 scrolls of blinking {unknown}
Potions
 c - a potion of mutation {unknown}
 i - 2 potions of cancellation
 n - a potion of curing
 p - 2 potions of degeneration {unknown}
 t - a potion of agility {unknown}
Comestibles
 b - 8 rations


   Skills:
 + Level 5.1 Fighting
 + Level 5.1 Dodging
 - Level 1.3 Stealth
 * Level 8.0 Unarmed Combat


You had 7 spell levels left.
You didn't know any spells.
Your spell library contained the following spells:

 Spells                   Type           Power        Failure   Level  Hunger
 Animate Skeleton         Necr           N/A          45%         1    ##.....
 Beastly Appendage        Tmut           #.....       45%         1    ##.....
 Pain                     Necr           #...         45%         1    ##.....
 Sticks to Snakes         Tmut           #.......     58%         2    ###....
 Regeneration             Chrm/Necr      #.........   83%         3    ####...
 Spider Form              Tmut/Pois      #.........   83%         3    ####...
 Vampiric Draining        Necr           #.........   83%         3    ####...
 Animate Dead             Necr           N/A          99%         4    #####..
 Ice Form                 Ice/Tmut       #.......     99%         4    #####..
 Blade Hands              Tmut           #.........   100%        5    ######.


Dungeon Overview and Level Annotations

Branches:
Dungeon (7/15)             Temple (1/1) D:5

Altars:
Ashenzari
Cheibriados
Gozag
Hepliaklqana
Kikubaaqudgha
Makhleb
Qazlal
Trog
Vehumet
Xom
Yredelemnul
Zin
The Shining One

Annotations:
D:5 2 transporters, JimmyWheeler's ghost, novice SpEn
D:7 3 runed doors, lyrin's ghost, novice MfSk


Innate Abilities, Weirdness & Mutations

You are too large for most types of armour.
You have claws for hands.
Your metabolism is lightning-fast.
You like to eat raw meat.
Your natural rate of healing is unusually fast.
You are covered in fur. (AC +1)
You have very tough skin. (AC +2)


Message History

Press: ? - help, Shift-Dir - straight line, f/p - killer bee
Aim: a killer bee (chance to defeat MR: 54%)
The killer bee resists with significant effort.
You feel sick. The killer bee stings you!
* * * LOW HITPOINT WARNING * * *
The killer bee stings you.
* * * LOW HITPOINT WARNING * * *
You are more poisoned.
The killer bee poisons you!
It was a potion of cancellation.
You feel magically purged.
* * * LOW HITPOINT WARNING * * *
You feel sick. The killer bee stings you.
* * * LOW HITPOINT WARNING * * *
You are more poisoned.
The killer bee poisons you!
The killer bee stings you but does no damage.
It was a potion of curing.
You feel better. The killer bee stings you!
* * * LOW HITPOINT WARNING * * *
The killer bee stings you!
You die...

# #####.....#.#
#..[....# #
#...........#
#.####### #
#.###..[..<.# #># #
#.# #..(..### #.# #
#.# #.....# #.# # #.#
###.### ###.# # #.#
#.# #...# #
#.#####.########.###
####.##......yyy@....#
...#.#.......a#####..#
##.#..#.......# #..#
#.#.#......>.# #..#
### ##............#
#..# ##.##
..............# #..#
##...# #.............#
#..# ##.....
#..#..........#
#..######......
....##...###..#
#......รท.......


You could see a worker ant and 3 killer bees.

Vanquished Creatures
  A troll (D:6)
  Duvessa (D:5)
  A black bear (D:6)
  An ogre (D:7)
  A centaur (D:5)
  2 big kobolds (D:5)
  2 bullfrogs
  Dowan (D:5)
  A killer bee (D:6)
  A howler monkey (D:6)
  A jelly (D:7)
  2 orc priests (D:4)
  A hound (D:4)
  A bullfrog skeleton (D:4)
  Natasha (twice) (D:3)
  2 centaur skeletons (D:6)
  3 iguanas
  3 worker ants
  A killer bee zombie (D:5)
  A hound skeleton (D:5)
  4 adders
  2 shadow imps (D:5)
  An ooze (D:4)
  2 adder skeletons (D:4)
  2 worms
  5 leopard geckos
  6 orcs
  2 giant cockroaches
  6 goblins
  4 hobgoblins
  9 jackals
  2 quokkas
  2 ball pythons
  5 bats
  3 frilled lizards
  19 kobolds
  4 rats
107 creatures vanquished.

Notes
Turn   | Place    | Note
-------+----------+-------------------------------------------
     0 | D:1      | Blackhawk the Troll Monk began the quest for the Orb.
     0 | D:1      | Reached XP level 1. HP: 22/22 MP: 0/0
    23 | D:1      | Found a shimmering altar of Xom.
   103 | D:1      | Reached XP level 2. HP: 29/29 MP: 1/1
   609 | D:1      | Reached XP level 3. HP: 36/36 MP: 2/2
  1030 | D:2      | Found a faded altar of an unknown god.
  1331 | D:3      | Reached XP level 4. HP: 28/45 MP: 3/3
  1399 | D:3      | Found a glowing silver altar of Zin.
  1420 | D:3      | Noticed Natasha
  1427 | D:3      | Killed Natasha
  1427 | D:3      | Reached skill level 4 in Unarmed Combat
  1652 | D:3      | Found an ancient bone altar of Kikubaaqudgha.
  1659 | D:3      | Noticed Natasha
  1672 | D:3      | Killed Natasha
  1672 | D:3      | Reached XP level 5. HP: 38/53 MP: 4/4
  2132 | D:4      | Reached skill level 5 in Unarmed Combat
  2132 | D:4      | Reached XP level 6. HP: 44/61 MP: 5/5
  2691 | D:5      | Entered Level 5 of the Dungeon
  2744 | D:5      | Noticed Duvessa
  2745 | D:5      | Noticed Dowan
  2764 | D:5      | Killed Duvessa
  2771 | D:5      | Killed Dowan
  2865 | D:5      | Reached skill level 6 in Unarmed Combat
  2865 | D:5      | Reached XP level 7. HP: 64/70 MP: 6/6
  3070 | D:5      | You fall through a shaft for 2 floors!
  3157 | D:7      | Found a runed gate.
  3157 | D:7      | Found a runed gate.
  3158 | D:7      | Found a runed gate.
  3161 | D:7      | Noticed lyrin's ghost (novice MfSk)
  3180 | D:7      | Noticed a cyan ugly thing
  3266 | D:6      | Noticed a troll
  3276 | D:6      | Killed a troll
  3415 | D:6      | Reached skill level 7 in Unarmed Combat
  3507 | D:6      | Found a basalt altar of Yredelemnul.
  3510 | D:6      | Found a shattered altar of Ashenzari.
  3516 | D:6      | Found a glowing golden altar of the Shining One.
  3542 | D:6      | Reached XP level 8. HP: 79/79 MP: 7/7
  3600 | D:5      | Found a transporter.
  3601 | D:5      | Noticed JimmyWheeler's ghost (novice SpEn)
  3602 | D:5      | Identified the cursed +0 great mace "Doanei" {drain, Dex+4}
  3606 | D:5      | Found a transporter.
  3938 | D:5      | Got a brightly glowing flail
  3939 | D:5      | Identified the +4 flail "Midghiev" {flame, Str+2} (You
                  | found it on level 5 of the Dungeon)
  4105 | D:5      | Found a staircase to the Ecumenical Temple.
  4118 | Temple   | Entered the Ecumenical Temple
  4143 | Temple   | Became a worshipper of Makhleb the Destroyer
  4143 | Temple   | Reached * piety under Makhleb
  4143 | Temple   | Reached ** piety under Makhleb
  4469 | D:6      | Found a snail-covered altar of Cheibriados.
  4676 | D:6      | Reached skill level 5 in Fighting
  4676 | D:6      | Reached skill level 5 in Dodging
  4768 | D:6      | Reached skill level 8 in Unarmed Combat
  4987 | D:6      | HP: 3/80 [killer bee (10)]
  4987 | D:6      | Slain by a killer bee

Vault maps used:
D:1:      eino_arrival_water_cross, xom_teletrap_fun
D:2:      chequers_ecumenical_altar_simple, eino_tiny_chamber
D:3:      lemuel_crystal_altar, lemuel_doored_altar, serial_rivers,
          chequers_serial_rivers_room_b, chequers_serial_rivers_marsh,
          chequers_serial_rivers_small_3, chequers_serial_rivers_room_a,
          chequers_serial_rivers_micro_b, uniq_natasha
D:5:      cheibrodos_thug_alley, minmay_temple_entry_statues_pillars,
          first_ration, gammafunk_ghost_smash, minivault_5, uniq_duvessa
D:6:      cheibrodos_worm_habitat, grunt_temple_overflow_diamond,
          grunt_decor_cap
D:7:      gammafunk_ghost_split, basic_altar
Temple:   compressed_dpeg_circular_temple

Skill      XL: |  1  2  3  4  5  6  7  8 |
---------------+-------------------------+-----
Fighting       | 3 4 5 |  5.1
Dodging        | 3 4 5 |  5.1
Unarmed Combat | 4 5 6 7 8 |  8.0
Stealth        | |  1.3

Action                   |  1- 3 |  4- 6 |  7- 9 || total
-------------------------+-------+-------+-------++-------
Melee: Unarmed           |    99 |   133 |   103 ||   335
       Punch             |     2 |     1 |     6 ||     9
Evoke: Wand              |       |       |     2 ||     2
  Use: Potion            |       |       |     2 ||     2
 Stab: Sleeping          |     5 |     2 |     4 ||    11
  Eat: Chunk             |    17 |    14 |    14 ||    45
Armor: Robe              |    33 |    39 |    23 ||    95
Dodge: Dodged            |    45 |    57 |    68 ||   170

Table legend:
 A = Non-vault XP
 B = Vault XP
 C = Vault XP percentage of total XP
 D = Non-vault monster count
 E = Vault monster count
 F = Vault count percentage of total count
                 A         B        C        D         E       F
            +---------+---------+-------+---------+---------+-------
      Total |    1727 |     463 |  21.1 |      92 |      15 |  14.0
            +---------+---------+-------+---------+---------+-------
        D:1 |      43 |       0 |   0.0 |      24 |       0 |   0.0
        D:2 |      28 |       0 |   0.0 |       8 |       0 |   0.0
        D:3 |     114 |      37 |  24.5 |      19 |       1 |   5.0
        D:4 |     286 |       0 |   0.0 |      16 |       0 |   0.0
        D:5 |     302 |     420 |  58.2 |       8 |      13 |  61.9
        D:6 |     788 |       6 |   0.8 |      14 |       1 |   6.7
        D:7 |     166 |       0 |   0.0 |       3 |       0 |   0.0
            +---------+---------+-------+---------+---------+-------
